BSA
BAFFIN ISLAND BEAVERS @ PLYMOUTH ROCKS
08/22/2028
 
TOP OF THE 1ST
Baffin Island Beavers batting - Pitching for Plymouth Rocks : RHP José Morán
Pitching: RHP José Morán
Batting: RHB Tony Morton 0-0: Ball
1-0: Ball
2-0: Ball
3-0: Base on Balls
Batting: LHB Norberto Muñóz 0-0: Called Strike
0-1: Called Strike
0-2: Ball
1-2: Foul Ball, location: 2F
1-2: Foul Ball, location: 2F
1-2: DOUBLE (Line Drive, 89XD)
Tony Morton to third
Batting: LHB Chris Bates 0-0: Ball
1-0: Swinging Strike
1-1: Foul Ball, location: 2F
1-2: Ball
2-2: Ground out 3-1 (Groundball, 34)
Tony Morton scores
Norberto Muñóz to third
Batting: RHB Dave Craig 0-0: Called Strike
0-1: Ground out 4-3 (Groundball, 4)
Norberto Muñóz scores
Batting: LHB Lorenzo Villa 0-0: Called Strike
0-1: Ball
1-1: Called Strike
1-2: Strikes out looking
Top of the 1st over - 2 run(s), 1 hit(s), 0 error(s), 0 left on base; Baffin Island 2 - Plymouth 0
BOTTOM OF THE 1ST
Plymouth Rocks batting - Pitching for Baffin Island Beavers : RHP Luis Vargas
Pitching: RHP Luis Vargas
Batting: LHB Roberto García 0-0: Ball
1-0: Called Strike
1-1: Swinging Strike
1-2: DOUBLE (Flyball, 9D)
Batting: LHB Roy Patrick 0-0: Ball
1-0: Ball
2-0: Foul Ball, location: 2F
2-1: Ball
3-1: Foul Ball, location: 2F
3-2: Foul Ball, location: 2F
3-2: Foul Ball, location: 2F
3-2: Foul Ball, location: 2F
3-2: Base on Balls
Batting: RHB Andrés Lara 0-0: Called Strike
0-1: Ball
1-1: Ball
2-1: Called Strike
2-2: Foul Ball, location: 2F
2-2: Foul Ball, location: 2F
2-2: Ball
3-2: Strikes out swinging
Batting: LHB Bob Smith 0-0: Foul Ball, location: 2F
0-1: Ball
1-1: Foul Ball, location: 2F
1-2: Ball
2-2: Strikes out swinging
Batting: LHB Barrett Waters 0-0: Fielders Choice at 2nd, 6-4 (Groundball, 6)
Bottom of the 1st over - 0 run(s), 1 hit(s), 0 error(s), 1 left on base; Baffin Island 2 - Plymouth 0
TOP OF THE 2ND
Baffin Island Beavers batting - Pitching for Plymouth Rocks : RHP José Morán
Batting: SHB Alonso Ferreira 0-0: Ground out 6-3 (Groundball, 6)
Batting: SHB Ron Edwards 0-0: Called Strike
0-1: Ball
1-1: Ball
2-1: SOLO HOME RUN (Flyball, 8RXD), Distance : 452 ft
Batting: RHB Murdoch Norton 0-0: Called Strike
0-1: Ball
1-1: Fly out, F3 (Flyball, 3D)
Batting: RHB Alden Isenhood 0-0: Ball
1-0: Called Strike
1-1: Ground out 4-3 (Groundball, 4M)
Top of the 2nd over - 1 run(s), 1 hit(s), 0 error(s), 0 left on base; Baffin Island 3 - Plymouth 0
BOTTOM OF THE 2ND
Plymouth Rocks batting - Pitching for Baffin Island Beavers : RHP Luis Vargas
Batting: LHB Roger Moore 0-0: Foul Ball, location: 2F
0-1: Foul Ball, location: 2F
0-2: Foul Ball, location: 2F
0-2: Hit by Pitch
Batting: SHB Víctor Serrano 0-0: Called Strike
0-1: Swinging Strike
0-2: Ball
1-2: Grounds into double play, 6-4-3 (Groundball, 6)
Batting: RHB Taylor McFarland 0-0: Swinging Strike
0-1: SINGLE (Groundball, 34) (infield hit)
Batting: RHB António Gonzáles 0-0: Ball
1-0: Called Strike
1-1: Ball
2-1: Foul Ball, location: 2F
2-2: Fielders Choice at 2nd, 6-4 (Groundball, 6)
Bottom of the 2nd over - 0 run(s), 1 hit(s), 0 error(s), 0 left on base; Baffin Island 3 - Plymouth 0
TOP OF THE 3RD
Baffin Island Beavers batting - Pitching for Plymouth Rocks : RHP José Morán
Batting: RHB Tony Morton 0-0: Ground out 5-3 (Groundball, 56)
Batting: LHB Norberto Muñóz 0-0: Ball
1-0: Swinging Strike
1-1: Ball
2-1: Ball
3-1: Foul Ball, location: 2F
3-2: Base on Balls
Batting: LHB Chris Bates 0-0: Ball
Norberto Muñóz is caught stealing 2nd base
1-0: Ball
2-0: Ball
3-0: Base on Balls
Batting: RHB Dave Craig 0-0: Ball
1-0: Called Strike
1-1: Called Strike
1-2: Fly out, F8 (Flyball, 89S)
Top of the 3rd over - 0 run(s), 0 hit(s), 0 error(s), 1 left on base; Baffin Island 3 - Plymouth 0
BOTTOM OF THE 3RD
Plymouth Rocks batting - Pitching for Baffin Island Beavers : RHP Luis Vargas
Batting: LHB Roberto García 0-0: Ball
1-0: Ball
2-0: Ball
3-0: Base on Balls
Batting: LHB Roy Patrick 0-0: Foul Ball, location: 2F
0-1: Swinging Strike
0-2: Ball
1-2: Strikes out looking
Batting: RHB Andrés Lara 0-0: Called Strike
0-1: Ball
1-1: Grounds into double play, 1-6-3 (Groundball, 13S)
Bottom of the 3rd over - 0 run(s), 0 hit(s), 0 error(s), 0 left on base; Baffin Island 3 - Plymouth 0
TOP OF THE 4TH
Baffin Island Beavers batting - Pitching for Plymouth Rocks : RHP José Morán
Batting: LHB Lorenzo Villa 0-0: Ball
1-0: Called Strike
1-1: SINGLE (Line Drive, 89S)
Batting: SHB Alonso Ferreira 0-0: Foul Ball, location: 2F
0-1: Ball
1-1: Swinging Strike
1-2: Strikes out swinging
Batting: SHB Ron Edwards 0-0: Ball
1-0: Ball
2-0: Grounds into double play, 6-4-3 (Groundball, 56)
Top of the 4th over - 0 run(s), 1 hit(s), 0 error(s), 0 left on base; Baffin Island 3 - Plymouth 0
BOTTOM OF THE 4TH
Plymouth Rocks batting - Pitching for Baffin Island Beavers : RHP Luis Vargas
Batting: LHB Bob Smith 0-0: Ball
1-0: Ground out 4-3 (Groundball, 4)
Batting: LHB Barrett Waters 0-0: Foul Ball, location: 2F
0-1: Ball
1-1: Fly out, F6 (Line Drive, 6M)
Batting: LHB Roger Moore 0-0: Hit by Pitch
Batting: SHB Víctor Serrano 0-0: Fly out, F9 (Flyball, 9D)
Bottom of the 4th over - 0 run(s), 0 hit(s), 0 error(s), 1 left on base; Baffin Island 3 - Plymouth 0
TOP OF THE 5TH
Baffin Island Beavers batting - Pitching for Plymouth Rocks : RHP José Morán
Batting: RHB Murdoch Norton 0-0: Swinging Strike
0-1: Ball
1-1: Fly out, F7 (Flyball, 78S)
Batting: RHB Alden Isenhood 0-0: Ball
1-0: Ground out 4-3 (Groundball, 4)
Batting: RHB Tony Morton 0-0: SINGLE (Groundball, 4D)
Batting: LHB Norberto Muñóz 0-0: Ball
1-0: Called Strike
1-1: Swinging Strike
1-2: Ball
2-2: Ground out 5-3 (Groundball, 56S)
Top of the 5th over - 0 run(s), 1 hit(s), 0 error(s), 1 left on base; Baffin Island 3 - Plymouth 0
BOTTOM OF THE 5TH
Plymouth Rocks batting - Pitching for Baffin Island Beavers : RHP Luis Vargas
Batting: RHB Taylor McFarland 0-0: Called Strike
0-1: Ball
1-1: Fly out, F5 (Line Drive, 5)
Batting: RHB António Gonzáles 0-0: Foul Ball, location: 2F
0-1: Swinging Strike
0-2: Ball
1-2: Ball
2-2: SINGLE (Groundball, 6MD)
Batting: LHB Roberto García 0-0: Called Strike
0-1: Fly out, F9 (Flyball, 9S)
Batting: LHB Roy Patrick 0-0: Ball
1-0: Called Strike
1-1: Ball
2-1: Ball
3-1: Base on Balls
António Gonzáles to second
Batting: RHB Andrés Lara 0-0: Called Strike
0-1: Fielders Choice at 2nd, 5-4 (Groundball, 56)
Bottom of the 5th over - 0 run(s), 1 hit(s), 0 error(s), 1 left on base; Baffin Island 3 - Plymouth 0
TOP OF THE 6TH
Baffin Island Beavers batting - Pitching for Plymouth Rocks : RHP José Morán
Batting: LHB Chris Bates 0-0: Called Strike
0-1: Foul Ball, location: 2F
0-2: Ball
1-2: Ball
2-2: Ball
3-2: Ground out 4-3 (Groundball, 4)
Batting: RHB Dave Craig 0-0: Ground out 5-3 (Groundball, 56S)
Batting: LHB Lorenzo Villa 0-0: Ball
1-0: Called Strike
1-1: Ball
2-1: Ball
3-1: Base on Balls
Batting: SHB Alonso Ferreira 0-0: Ball
1-0: Ball
2-0: Ball
3-0: Called Strike
3-1: Base on Balls
Lorenzo Villa to second
Batting: SHB Ron Edwards 0-0: Ball
1-0: Ball
2-0: DOUBLE (Line Drive, 78D)
Lorenzo Villa scores
Alonso Ferreira to third
Runner from 3rd tries for Home, SAFE, no throw
Batting: RHB Murdoch Norton 0-0: Called Strike
0-1: Ground out 5-3 (Groundball, 5L)
Top of the 6th over - 2 run(s), 1 hit(s), 0 error(s), 1 left on base; Baffin Island 5 - Plymouth 0
BOTTOM OF THE 6TH
Plymouth Rocks batting - Pitching for Baffin Island Beavers : RHP Luis Vargas
Batting: LHB Bob Smith 0-0: Called Strike
0-1: Foul Ball, location: 2F
0-2: Ball
1-2: Fly out, F7 (Flyball, 7LS)
Batting: LHB Barrett Waters 0-0: Ball
1-0: Ball
2-0: Called Strike
2-1: Foul Ball, location: 2F
2-2: Ball
3-2: Foul Ball, location: 2F
3-2: Foul Ball, location: 2F
3-2: Ground out 1-3 (Groundball, 13)
Batting: LHB Roger Moore 0-0: Called Strike
0-1: Foul Ball, location: 2F
0-2: Ball
1-2: Ball
2-2: Strikes out swinging
Bottom of the 6th over - 0 run(s), 0 hit(s), 0 error(s), 0 left on base; Baffin Island 5 - Plymouth 0
TOP OF THE 7TH
Baffin Island Beavers batting - Pitching for Plymouth Rocks : RHP José Morán
Batting: RHB Alden Isenhood 0-0: Called Strike
0-1: Ground out 5-3 (Groundball, 56S)
Batting: RHB Tony Morton 0-0: Ball
1-0: Foul Ball, location: 2F
1-1: Ball
2-1: Fly out, F3 (Popup, 34)
Batting: LHB Norberto Muñóz 0-0: Ball
1-0: Foul Ball, location: 2F
1-1: Called Strike
1-2: Ball
2-2: Ball
3-2: Base on Balls
Batting: LHB Chris Bates 0-0: Fielders Choice at 2nd, 4-6 (Groundball, 4)
Top of the 7th over - 0 run(s), 0 hit(s), 0 error(s), 0 left on base; Baffin Island 5 - Plymouth 0
BOTTOM OF THE 7TH
Plymouth Rocks batting - Pitching for Baffin Island Beavers : RHP Luis Vargas
Pitching: RHP Colm Stewart
Now in RF: José Aguilera
Batting: SHB Víctor Serrano 0-0: Called Strike
0-1: Foul Ball, location: 2F
0-2: Strikes out looking
Batting: RHB Taylor McFarland 0-0: Swinging Strike
0-1: Ball
1-1: Foul Ball, location: 2F
1-2: Strikes out swinging
Batting: RHB António Gonzáles 0-0: Ball
1-0: Ball
2-0: Ball
3-0: Base on Balls
Batting: LHB Roberto García 0-0: Called Strike
0-1: Fielders Choice at 2nd, 4-6 (Groundball, 4)
Bottom of the 7th over - 0 run(s), 0 hit(s), 0 error(s), 0 left on base; Baffin Island 5 - Plymouth 0
TOP OF THE 8TH
Baffin Island Beavers batting - Pitching for Plymouth Rocks : RHP José Morán
Pitching: RHP Lorenzo Aguilar
Batting: RHB Dave Craig 0-0: Ball
1-0: Ball
2-0: Ball
3-0: Called Strike
3-1: Base on Balls
Batting: LHB Lorenzo Villa 0-0: Called Strike
0-1: Fielders Choice at 2nd, 1-6 (Groundball, 13S)
Batting: SHB Alonso Ferreira 0-0: Ground out U3 (Groundball, 3S)
Lorenzo Villa to second
Batting: SHB Ron Edwards 0-0: Foul Ball, location: 2F
0-1: Foul Ball, location: 2F
0-2: Strikes out swinging
Top of the 8th over - 0 run(s), 0 hit(s), 0 error(s), 1 left on base; Baffin Island 5 - Plymouth 0
BOTTOM OF THE 8TH
Plymouth Rocks batting - Pitching for Baffin Island Beavers : RHP Colm Stewart
Now at 1B: Ángelo García
Batting: LHB Roy Patrick 0-0: Foul Ball, location: 2F
0-1: Ball
1-1: Called Strike
1-2: Strikes out swinging
Batting: RHB Andrés Lara 0-0: Ball
1-0: Ball
2-0: Called Strike
2-1: SINGLE (Groundball, 56D)
Batting: LHB Bob Smith 0-0: Ball
1-0: Ball
2-0: Grounds into double play, 1-6-3 (Groundball, 13S)
Bottom of the 8th over - 0 run(s), 1 hit(s), 0 error(s), 0 left on base; Baffin Island 5 - Plymouth 0
TOP OF THE 9TH
Baffin Island Beavers batting - Pitching for Plymouth Rocks : RHP Lorenzo Aguilar
Batting: RHB Murdoch Norton 0-0: Called Strike
0-1: Ball
1-1: Ball
2-1: Foul Ball, location: 2F
2-2: Strikes out looking
Batting: RHB Alden Isenhood 0-0: Ball
1-0: Foul Ball, location: 2F
1-1: Ball
2-1: Called Strike
2-2: Foul Ball, location: 2F
2-2: Ball
3-2: Foul Ball, location: 2F
3-2: Fly out, F9 (Flyball, 9)
Batting: RHB Tony Morton 0-0: Fly out, F6 (Popup, 6D)
Top of the 9th over - 0 run(s), 0 hit(s), 0 error(s), 0 left on base; Baffin Island 5 - Plymouth 0
BOTTOM OF THE 9TH
Plymouth Rocks batting - Pitching for Baffin Island Beavers : RHP Colm Stewart
Batting: LHB Barrett Waters 0-0: Ball
1-0: Called Strike
1-1: Foul Ball, location: 2F
1-2: Foul Ball, location: 2F
1-2: Ball
2-2: Foul Ball, location: 2F
2-2: Foul Ball, location: 2F
2-2: Ball
3-2: Fly out, F7 (Line Drive, 78M)
Batting: LHB Roger Moore 0-0: Ball
1-0: Ball
2-0: Ball
3-0: SINGLE (Line Drive, 4D)
Batting: SHB Víctor Serrano 0-0: Called Strike
0-1: Fly out, F6 (Line Drive, 56D)
Batting: RHB Taylor McFarland 0-0: Ball
1-0: Foul Ball, location: 2F
1-1: Swinging Strike
1-2: Strikes out swinging
Bottom of the 9th over - 0 run(s), 1 hit(s), 0 error(s), 1 left on base; Baffin Island 5 - Plymouth 0
Tuesday, August 8th, 2017 - OOTP Baseball 17.12 Build 75